| TOP OF THE 1ST |
|
Hickory Crawdads batting - Pitching for Greenville Drive : RHP Chris Cory
|
|
Pitching: RHP Chris Cory
|
|
|
Batting: LHB Sadamu Noguchi
|
0-0: Foul Ball, location: 2F 0-1: Ball 1-1: Called Strike 1-2: Foul Ball, location: 2F 1-2: Strikes out looking
|
|
Batting: RHB Nick Solberg
|
0-0: Ball 1-0: Fly out, F7 (Flyball, 7D, EV 96.2 MPH)
|
|
Batting: RHB Joe Fiorito
|
0-0: Called Strike 0-1: Ball 1-1: Ball 2-1: Foul Ball, location: 2F 2-2: Fly out, F7 (Line Drive, 78D, EV 87.5 MPH)
|
| Top of the 1st over - 0 runs, 0 hits, 0 errors, 0 left on base; Hickory 0 - Greenville 0 |
| BOTTOM OF THE 1ST |
|
Greenville Drive batting - Pitching for Hickory Crawdads : RHP Eddie Rojo
|
|
Pitching: RHP Eddie Rojo
|
|
|
Batting: RHB Rogelio Cervantes
|
0-0: Ball 1-0: Called Strike 1-1: Called Strike 1-2: Foul Ball, location: 2F 1-2: Strikes out swinging
|
|
Batting: RHB Larry Brocato
|
0-0: Called Strike 0-1: Bunt missed! 0-2: Ball 1-2: Ball 2-2: Ball 3-2: Fly out, F9 (Flyball, 89M, EV 77.5 MPH)
|
|
Batting: SHB Carter Cromsie
|
0-0: Called Strike 0-1: Ball 1-1: Ball 2-1: Ground out 4-3 (Groundball, 34, EV 101.9 MPH)
|
| Bottom of the 1st over - 0 runs, 0 hits, 0 errors, 0 left on base; Hickory 0 - Greenville 0 |
| TOP OF THE 2ND |
|
Hickory Crawdads batting - Pitching for Greenville Drive : RHP Chris Cory
|
|
Batting: RHB George King
|
0-0: Called Strike 0-1: Swinging Strike 0-2: Ball 1-2: Single, Error in OF, E7, batter to second base (Groundball, 56D, EV 102.5 MPH)
|
|
Batting: LHB Lee Gerken
|
0-0: Ball 1-0: Called Strike 1-1: Ball Passed Ball! George King to third 2-1: Swinging Strike 2-2: Strikes out looking
|
|
Batting: RHB Chance Lamb
|
0-0: Ball 1-0: Foul Ball, location: 2F 1-1: Foul Ball, location: 2F 1-2: Ball 2-2: Ground out 6-3 (Groundball, 6, EV 88.8 MPH) George King scores
|
|
Batting: RHB Chris Powell
|
0-0: Foul Ball, location: 2F 0-1: Called Strike 0-2: Ball 1-2: Strikes out looking
|
| Top of the 2nd over - 1 run, 1 hit, 1 error, 0 left on base; Hickory 1 - Greenville 0 |
| BOTTOM OF THE 2ND |
|
Greenville Drive batting - Pitching for Hickory Crawdads : RHP Eddie Rojo
|
|
Batting: LHB Nelis Geurts
|
0-0: Called Strike 0-1: Ball 1-1: Foul Ball, location: 2F 1-2: Ball 2-2: SINGLE (Groundball, 6M, EV 101.9 MPH)
|
|
Batting: RHB David Norum
|
0-0: Called Strike 0-1: Ball 1-1: Fly out, F9 (Flyball, 9LM, EV 73.8 MPH)
|
|
Batting: SHB Greg Shaw
|
0-0: Called Strike 0-1: Foul Ball, location: 2F 0-2: Strikes out looking
|
|
Batting: RHB Mike Batko
|
0-0: Called Strike 0-1: Called Strike 0-2: Fly out, F2 (Popup, 13S, EV 77.5 MPH)
|
| Bottom of the 2nd over - 0 runs, 1 hit, 0 errors, 1 left on base; Hickory 1 - Greenville 0 |
| TOP OF THE 3RD |
|
Hickory Crawdads batting - Pitching for Greenville Drive : RHP Chris Cory
|
|
Batting: RHB Ricky Carbajal
|
0-0: Ball 1-0: Foul Ball, location: 2F 1-1: Ball 2-1: Foul Ball, location: 2F 2-2: Ball 3-2: Ground out 5-3 (Groundball, 56, EV 103.8 MPH)
|
|
Batting: RHB Dave Brabo
|
0-0: Called Strike 0-1: Foul Ball, location: 2F 0-2: Hit by Pitch
|
|
Batting: LHB Sadamu Noguchi
|
0-0: Ball 1-0: Foul Ball, location: 2F 1-1: Ball 2-1: Ball 3-1: Swinging Strike 3-2: Base on Balls Dave Brabo to second
|
|
Batting: RHB Nick Solberg
|
0-0: Foul Ball, location: 2F 0-1: Ball 1-1: Ball Wild Pitch! Dave Brabo to third Sadamu Noguchi to second 2-1: SINGLE (Flyball, 9LS, EV 90.6 MPH) Dave Brabo scores Sadamu Noguchi to third
|
|
Batting: RHB Joe Fiorito
|
0-0: Called Strike Nick Solberg is caught stealing 2nd base 2-4 0-1: Swinging Strike 0-2: DOUBLE (Flyball, 8LXD, EV 107.5 MPH) Sadamu Noguchi scores
|
|
Batting: RHB George King
|
0-0: Called Strike 0-1: Ball 1-1: Foul Ball, location: 2F 1-2: Ball Balk! Joe Fiorito to third 2-2: Ground out 5-3 (Groundball, 56S, EV 66.2 MPH)
|
| Top of the 3rd over - 2 runs, 2 hits, 0 errors, 1 left on base; Hickory 3 - Greenville 0 |
| BOTTOM OF THE 3RD |
|
Greenville Drive batting - Pitching for Hickory Crawdads : RHP Eddie Rojo
|
|
Batting: RHB Joel Vazquez
|
0-0: Ball 1-0: Ball 2-0: Called Strike 2-1: Swinging Strike 2-2: Ground out 6-3 (Groundball, 4M, EV 111.2 MPH)
|
|
Batting: RHB Ted Emmerich
|
0-0: Foul Ball, location: 2F 0-1: Swinging Strike 0-2: Ball 1-2: Strikes out swinging
|
|
Batting: RHB Rogelio Cervantes
|
0-0: Ball 1-0: Called Strike 1-1: Foul Ball, location: 2F 1-2: Foul Ball, location: 2F 1-2: Ball 2-2: Fly out, F6 (Line Drive, 6, EV 69.4 MPH)
|
| Bottom of the 3rd over - 0 runs, 0 hits, 0 errors, 0 left on base; Hickory 3 - Greenville 0 |
| TOP OF THE 4TH |
|
Hickory Crawdads batting - Pitching for Greenville Drive : RHP Chris Cory
|
|
Batting: LHB Lee Gerken
|
0-0: Ball 1-0: Ball 2-0: Ground out 6-3 (Groundball, 6, EV 86.2 MPH)
|
|
Batting: RHB Chance Lamb
|
0-0: Ball 1-0: Ball 2-0: Called Strike 2-1: Foul Ball, location: 2F 2-2: DOUBLE (Groundball, 5L, EV 100.0 MPH)
|
|
Batting: RHB Chris Powell
|
0-0: Swinging Strike 0-1: Foul Ball, location: 2F 0-2: Strikes out swinging
|
|
Batting: RHB Ricky Carbajal
|
0-0: Swinging Strike 0-1: Ball 1-1: Called Strike 1-2: Ball 2-2: Ball 3-2: Ground out U3 (Groundball, 3L, EV 84.4 MPH)
|
| Top of the 4th over - 0 runs, 1 hit, 0 errors, 1 left on base; Hickory 3 - Greenville 0 |
| BOTTOM OF THE 4TH |
|
Greenville Drive batting - Pitching for Hickory Crawdads : RHP Eddie Rojo
|
|
Batting: RHB Larry Brocato
|
0-0: Ball 1-0: Ball 2-0: Called Strike 2-1: Ball 3-1: Foul Ball, location: 2F 3-2: Foul Ball, location: 2F 3-2: Strikes out swinging
|
|
Batting: SHB Carter Cromsie
|
0-0: Called Strike 0-1: Swinging Strike 0-2: Foul Ball, location: 2F 0-2: Strikes out swinging
|
|
Batting: LHB Nelis Geurts
|
0-0: Ball 1-0: Foul Ball, location: 2F 1-1: Foul Ball, location: 2F 1-2: Fly out, F8 (Flyball, 8LD, EV 76.2 MPH)
|
| Bottom of the 4th over - 0 runs, 0 hits, 0 errors, 0 left on base; Hickory 3 - Greenville 0 |
| TOP OF THE 5TH |
|
Hickory Crawdads batting - Pitching for Greenville Drive : RHP Chris Cory
|
|
Batting: RHB Dave Brabo
|
0-0: Ball 1-0: Ball 2-0: Called Strike 2-1: Ball 3-1: Ground out U3 (Groundball, 3S, EV 71.9 MPH)
|
|
Batting: LHB Sadamu Noguchi
|
0-0: Called Strike 0-1: Fly out, F9 (Flyball, 9S, EV 95.6 MPH)
|
|
Batting: RHB Nick Solberg
|
0-0: Ball 1-0: Fly out, F7 (Flyball, 78XD, EV 92.5 MPH)
|
| Top of the 5th over - 0 runs, 0 hits, 0 errors, 0 left on base; Hickory 3 - Greenville 0 |
| BOTTOM OF THE 5TH |
|
Greenville Drive batting - Pitching for Hickory Crawdads : RHP Eddie Rojo
|
|
Batting: RHB David Norum
|
0-0: Ball 1-0: Called Strike 1-1: Foul Ball, location: 2F 1-2: Ball 2-2: SINGLE (Groundball, 6M, EV 101.9 MPH) (infield hit)
|
|
Batting: SHB Greg Shaw
|
0-0: Fly out, F7 (Flyball, 78M, EV 83.8 MPH)
|
|
Batting: RHB Mike Batko
|
0-0: Called Strike David Norum steals 2nd base 0-1: Ball 1-1: Swinging Strike 1-2: Ball 2-2: Foul Ball, location: 2F 2-2: Strikes out swinging
|
|
Batting: RHB Joel Vazquez
|
0-0: Ground out 6-3 (Groundball, 6S, EV 93.1 MPH)
|
| Bottom of the 5th over - 0 runs, 1 hit, 0 errors, 1 left on base; Hickory 3 - Greenville 0 |
| TOP OF THE 6TH |
|
Hickory Crawdads batting - Pitching for Greenville Drive : RHP Chris Cory
|
|
Batting: RHB Joe Fiorito
|
0-0: Foul Ball, location: 2F 0-1: Ball 1-1: SINGLE (Line Drive, 78S, EV 111.9 MPH)
|
|
Batting: RHB George King
|
0-0: Ball 1-0: Foul Ball, location: 2F 1-1: Ball 2-1: Fielders Choice at 2nd, 2-4 (Groundball, 15S, EV 68.8 MPH)
|
|
Pitching: LHP Fernando Mendoza
|
|
|
Batting: LHB Lee Gerken
|
0-0: Foul Ball, location: 2F 0-1: Foul Ball, location: 2F 0-2: Ball 1-2: Ball 2-2: Ball 3-2: Grounds into double play, 2-6-3 (Groundball, 13S, EV 65.6 MPH)
|
| Top of the 6th over - 0 runs, 1 hit, 0 errors, 0 left on base; Hickory 3 - Greenville 0 |
| BOTTOM OF THE 6TH |
|
Greenville Drive batting - Pitching for Hickory Crawdads : RHP Eddie Rojo
|
|
Batting: RHB Ted Emmerich
|
0-0: Called Strike 0-1: Ball 1-1: Ball 2-1: Foul Ball, location: 2F 2-2: Strikes out looking
|
|
Batting: RHB Rogelio Cervantes
|
0-0: Foul Ball, location: 2F 0-1: Ball 1-1: Ball 2-1: Ground out 6-3 (Groundball, 6M, EV 85.6 MPH)
|
|
Batting: RHB Larry Brocato
|
0-0: Swinging Strike 0-1: Ball 1-1: Ball 2-1: Called Strike 2-2: Ball 3-2: Foul Ball, location: 2F 3-2: Foul Ball, location: 2F 3-2: Ground out 1-3 (Groundball, 13S, EV 63.8 MPH)
|
| Bottom of the 6th over - 0 runs, 0 hits, 0 errors, 0 left on base; Hickory 3 - Greenville 0 |
| TOP OF THE 7TH |
|
Hickory Crawdads batting - Pitching for Greenville Drive : LHP Fernando Mendoza
|
|
Batting: RHB Chance Lamb
|
0-0: Ball 1-0: Called Strike 1-1: SINGLE (Line Drive, 89S, EV 95.0 MPH)
|
|
Batting: RHB Chris Powell
|
0-0: Bunt missed! 0-1: Bunt missed! 0-2: Ball 1-2: Foul Ball, location: 2F 1-2: Foul Ball, location: 2F 1-2: Foul Ball, location: 2F 1-2: Ball 2-2: Ball 3-2: Base on Balls Chance Lamb to second
|
|
Batting: RHB Ricky Carbajal
|
0-0: Sac Bunt to 3S - play at first, batter OUT! 3-1 Chance Lamb to third Chris Powell to second
|
|
Batting: RHB Dave Brabo
|
0-0: Swinging Strike 0-1: Ball 1-1: Ball 2-1: Swinging Strike 2-2: Foul Ball, location: 2F 2-2: Foul Ball, location: 2F 2-2: Ball 3-2: Strikes out swinging
|
|
Pitching: RHP Wing-chiu Ya
|
|
|
Batting: LHB Sadamu Noguchi
|
0-0: Foul Ball, location: 2F 0-1: Foul Ball, location: 2F 0-2: Ball 1-2: Foul Ball, location: 2F 1-2: Strikes out swinging
|
| Top of the 7th over - 0 runs, 1 hit, 0 errors, 2 left on base; Hickory 3 - Greenville 0 |
| BOTTOM OF THE 7TH |
|
Greenville Drive batting - Pitching for Hickory Crawdads : RHP Eddie Rojo
|
|
Batting: SHB Carter Cromsie
|
0-0: Foul Ball, location: 2F 0-1: Called Strike 0-2: Strikes out swinging
|
|
Batting: LHB Nelis Geurts
|
0-0: Ball 1-0: Swinging Strike 1-1: Called Strike 1-2: Foul Ball, location: 2F 1-2: Ball 2-2: Fly out, F8 (Flyball, 8LS, EV 86.2 MPH)
|
|
Batting: RHB David Norum
|
0-0: Called Strike 0-1: Ball 1-1: Foul Ball, location: 2F 1-2: Ground out 6-3 (Groundball, 6, EV 101.9 MPH)
|
| Bottom of the 7th over - 0 runs, 0 hits, 0 errors, 0 left on base; Hickory 3 - Greenville 0 |
| TOP OF THE 8TH |
|
Hickory Crawdads batting - Pitching for Greenville Drive : RHP Wing-chiu Ya
|
|
Pitching: RHP Eddie Mosley
|
|
|
Batting: RHB Nick Solberg
|
0-0: Swinging Strike 0-1: Foul Ball, location: 2F 0-2: Ball 1-2: Ball 2-2: Fly out, F8 (Flyball, 8RM, EV 73.1 MPH)
|
|
Batting: RHB Joe Fiorito
|
0-0: Called Strike 0-1: Ball 1-1: Ball 2-1: Ball 3-1: Fly out, F9 (Flyball, 9S, EV 80.0 MPH)
|
|
Batting: RHB George King
|
0-0: Ball 1-0: Ball 2-0: Called Strike 2-1: Fly out, F7 (Flyball, 7, EV 91.9 MPH)
|
| Top of the 8th over - 0 runs, 0 hits, 0 errors, 0 left on base; Hickory 3 - Greenville 0 |
| BOTTOM OF THE 8TH |
|
Greenville Drive batting - Pitching for Hickory Crawdads : RHP Eddie Rojo
|
|
Pitching: RHP David Torres
|
|
|
Batting: SHB Greg Shaw
|
0-0: Ground out U3 (Groundball, 13, EV 90.0 MPH)
|
|
Pinch Hitting: LHB John Criswell
|
0-0: Ball 1-0: Foul Ball, location: 2F 1-1: Ball 2-1: SOLO HOME RUN (Line Drive, 8RXD, EV 115.6 MPH), Distance : 432 ft
|
|
Batting: RHB Joel Vazquez
|
0-0: Swinging Strike 0-1: Ball 1-1: Foul Ball, location: 2F 1-2: Ground out 5-3 (Groundball, 56S, EV 74.4 MPH)
|
|
Pinch Hitting: LHB Danny Montoya
|
0-0: Called Strike 0-1: Foul Ball, location: 2F 0-2: Foul Ball, location: 2F 0-2: Foul Ball, location: 2F 0-2: Foul Ball, location: 2F 0-2: Strikes out swinging
|
| Bottom of the 8th over - 1 run, 1 hit, 0 errors, 0 left on base; Hickory 3 - Greenville 1 |
| TOP OF THE 9TH |
|
Hickory Crawdads batting - Pitching for Greenville Drive : RHP Eddie Mosley
|
|
Pitching: RHP Roberto Morales
|
|
|
Now at 2B: David Norum
|
|
|
Now in LF: John Criswell
|
|
|
Now in CF: Nick Spiller
|
|
|
Batting: LHB Lee Gerken
|
0-0: Foul Ball, location: 2F 0-1: Ball 1-1: SINGLE (Line Drive, 9S, EV 93.8 MPH)
|
|
Batting: RHB Chance Lamb
|
0-0: Sac Bunt to 23 - play at first, batter OUT! 3-4 Lee Gerken to second
|
|
Batting: RHB Chris Powell
|
0-0: Called Strike 0-1: Ball 1-1: Ball 2-1: Ball 3-1: Base on Balls
|
|
Batting: RHB Ricky Carbajal
|
0-0: Ball 1-0: Ball 2-0: Fielders Choice at 2nd, 4-6 (Groundball, 4M, EV 111.2 MPH) Lee Gerken to third
|
|
Batting: RHB Dave Brabo
|
0-0: Swinging Strike 0-1: Ball 1-1: Foul Ball, location: 2F 1-2: Strikes out looking
|
| Top of the 9th over - 0 runs, 1 hit, 0 errors, 2 left on base; Hickory 3 - Greenville 1 |
| BOTTOM OF THE 9TH |
|
Greenville Drive batting - Pitching for Hickory Crawdads : RHP David Torres
|
|
Batting: RHB Rogelio Cervantes
|
0-0: Swinging Strike 0-1: Ball 1-1: Called Strike 1-2: Foul Ball, location: 2F 1-2: SINGLE (Line Drive, 8RS, EV 105.6 MPH)
|
|
Batting: RHB Larry Brocato
|
0-0: Foul Ball, location: 2F 0-1: Swinging Strike 0-2: Ball 1-2: Strikes out swinging
|
|
Batting: SHB Carter Cromsie
|
0-0: Called Strike 0-1: Ball 1-1: Grounds into double play, 6-4-3 (Groundball, 6, EV 108.8 MPH)
|
| Bottom of the 9th over - 0 runs, 1 hit, 0 errors, 0 left on base; Hickory 3 - Greenville 1 |
|